 Dungeon Crawl Stone Soup version 0.31-a0-187-gba352fbbf7 (webtiles) character file.

Game seed: 3795900610674082801

426 kae the Firebug (level 6, -2/32 HPs)
             Began as a Deep Elf Fire Elementalist on June 22, 2023.
             Slain by Grinder (3 damage)
             ... on level 4 of the Dungeon.
             The game lasted 00:03:13 (3507 turns).

kae the Firebug (Deep Elf Fire Elementalist)        Turns: 3507, Time: 00:03:14

Health: -2/32      AC:  3    Str: 11    XL:     6   Next: 64%
Magic:  5/15       EV: 17    Int: 22    God:
Gold:   142        SH:  0    Dex: 15    Spells: 6/15 levels left

rFire   . . .        j - +1 spear
rCold   . . .        (no shield)
rNeg    . . .        a - +0 robe
rPois   +            (no helmet)
rElec   +            (no cloak)
rCorr   .            i - +0 pair of gloves
SInv    .            (no boots)
Will    .....        (no amulet)
Stlth   ++           k - ring "Ankireep" {rElec rPois EV+5}
HPRegen 0.25/turn    S - +6 ring of strength
MPRegen 0.14/turn

%: no passive effects
@: no status effects
A: no striking features
a: no special abilities


You were on level 4 of the Dungeon.
You visited 1 branch of the dungeon, and saw 4 of its levels.

You collected 142 gold pieces.


   Skills:
 - Level 2.4 Dodging
 - Level 2.4 Stealth
 + Level 5.0 Spellcasting
 * Level 4.8 Conjurations
 * Level 5.8 Fire Magic


You had 6 spell levels left.
You knew the following spells:

 Your Spells              Type           Power      Damage    Failure   Level
a - Foxfire               Conj/Fire      100%       2x1d9     1%          1
b - Scorch                Fire           62%        2d7       1%          2
c - Inner Flame           Hex/Fire       18%        N/A       10%         3
d - Volatile Blastmotes   Fire/Tloc      36%        2d13      10%         3

Your spell library contained the following spells:

 Spells                   Type           Power      Damage    Failure   Level
 Sting                    Tmut/Pois      20%        1d4       10%         1
 Flame Wave               Conj/Fire      28%        2d9       11%         4
 Lesser Beckoning         Tloc           10%        N/A       16%         2
 Poisonous Vapours        Pois/Air       10%        N/A       16%         2
 Gell's Gravitas          Tloc           5%         N/A       30%         3
 Teleport Other           Tloc           5%         N/A       30%         3
 Olgreb's Toxic Radiance  Pois           5%         N/A       69%         4

Inventory:

Hand Weapons
 j - a +1 spear (weapon)
   (You found it on level 2 of the Dungeon)
Missiles
 e - 23 stones
 f - 3 poisoned darts
Armour
 a - a +0 robe (worn)
 i - a +0 pair of gloves (worn)
   (You found it on level 2 of the Dungeon)
Jewellery
 k - the ring "Ankireep" (left hand) {rElec rPois EV+5}
   (You took it off a goblin on level 2 of the Dungeon)

   [ring of evasion]

   EV:        It affects your evasion (+5).
   rElec:     It insulates you from electricity.
   rPois:     It protects you from poison.
 S - a +6 ring of strength (right hand)
   (You found it on level 2 of the Dungeon)
Wands
 n - a wand of iceblast (5)
   (You found it on level 2 of the Dungeon)
Scrolls
 g - a scroll of brand weapon {unknown}
 h - a scroll of revelation {unknown}
Potions
 b - a potion of magic
 c - a potion of heal wounds {@q2}
 d - a potion of cancellation {unknown}

Dungeon Overview and Level Annotations

Branches:
Dungeon (4/15) Zot: 20479
 Temple: D:4-7

Altars:

Annotations:
D:2 Jessica
D:4 Grinder

#..........# ###...#
#....<..# ##.#.#
#.......# ##..#5#
#.......# ##..##.....
#.......#######..#####.##
#.......##......## .#
#.......##)###### #
#.......#5.# ########@.##
......†<.## .......††#
........... .........###
........## ........#
........# ........#


You could see Grinder (combustible).


Message History

Your mp is fully restored (15).
A hound comes into view.
A hound is nearby!
A hound is nearby!
Casting: Foxfire (safe; 1% risk of failure)
Confirm with . or Enter, or press ? or * to list all spells.
Flames lash the hound.
The hound barks!
The hound's fire resistance burns away.
You hear a shout!
The hound bites you.
The hound closely misses you. 😕 HP[-2] MP[-2]
You take 2 damage, and now have 30/32 hp.
You lost 2 mp, and now have 13/15 mp.
Casting: Scorch (safe; 1% risk of failure)
Confirm with . or Enter, or press ? or * to list all spells.
You conjure some foxfire!
The hound closely misses you. x2
The hound is no longer more vulnerable to fire.
The foxfire hits the hound.
The hound closely misses you. 😕 HP[+1] MP[-1]
You lost 1 mp, and now have 12/15 mp.
A hound is nearby!
A hound is nearby!
Unknown command.
Casting: Foxfire (safe; 1% risk of failure)
Confirm with . or Enter, or press ? or * to list all spells.
Flames lash the hound.
The hound's fire resistance burns away.
The hound closely misses you. x2
The hound misses you. 😕 MP[-2]
You lost 2 mp, and now have 10/15 mp.
A hound is nearby!
Casting: Scorch (safe; 1% risk of failure)
Confirm with . or Enter, or press ? or * to list all spells.
You conjure some foxfire!
The hound misses you. x2
The foxfire hits the hound!
The hound is burned terribly!
You kill the hound!
Grinder comes into view.
Your Spellcasting skill increases to level 5! 😎 HP[+1]
Your hp is fully restored (32).
Unknown command.
Grinder gestures at you. You resist with some effort. 😎 MP[+1]
You see here a +0 dagger.
Grinder gestures at you.
You suddenly lose the ability to move!
Grinder blinks!
Grinder says, "I used to sell toenails on the black market."
Grinder hits you!
You writhe in agony.
You can move again.
You see here a worm corpse. 😮 HP[-11] MP[+1]
You take 11 damage, and now have 21/32 hp.
MASSIVE DAMAGE!! (PAUSE) Unknown command.
Unknown command.
Casting: Foxfire (safe; 1% risk of failure)
Confirm with . or Enter, or press ? or * to list all spells.
Flames lash Grinder.
Grinder's fire resistance burns away.
Grinder hits you.
You writhe in agony.
* * * LOW HITPOINT WARNING * * *
Grinder hits you.
* * * LOW HITPOINT WARNING * * *
You writhe in agony.
* * * LOW HITPOINT WARNING * * *
😨 HP[-12] MP[-2]
You take 12 damage, and now have 9/32 hp.
MASSIVE DAMAGE!! (PAUSE)
You lost 2 mp, and now have 10/15 mp.
Casting: Scorch (safe; 1% risk of failure)
Confirm with . or Enter, or press ? or * to list all spells.
Flames lash Grinder.
Grinder is burned terribly!
Grinder hits you.
* * * LOW HITPOINT WARNING * * *
You writhe in agony.
* * * LOW HITPOINT WARNING * * *
Grinder gestures at you.
You suddenly lose the ability to move!
Grinder blinks!
You can move again. 😱 HP[-4] MP[-1]
You take 4 damage, and now have 5/32 hp.
You lost 1 mp, and now have 9/15 mp.
Casting: Scorch (safe; 1% risk of failure)
Confirm with . or Enter, or press ? or * to list all spells.
Flames lash Grinder.
Grinder is burned terribly!
Grinder misses you.
Grinder closely misses you. 😱 HP[+1] MP[-2]
You lost 2 mp, and now have 7/15 mp.
Unknown command.
Casting: Scorch (safe; 1% risk of failure)
Confirm with . or Enter, or press ? or * to list all spells.
Flames lash Grinder.
Grinder is burned terribly!
Grinder hits you.
* * * LOW HITPOINT WARNING * * *
You writhe in agony.
* * * LOW HITPOINT WARNING * * *
Grinder hits you.
You die...

Skill      XL: |  1  2  3  4  5  6 |
---------------+-------------------+-----
Conjurations   | 2 3 4 |  4.8
Fire Magic     | 4 5 |  5.8
Spellcasting   | 4 5 |  5.0
Dodging        | |  2.4
Stealth        | |  2.4

Action                     |  1- 3 |  4- 6 || total
---------------------------+-------+-------++-------
  Melee: Spear             |     7 |       ||     7
   Cast: Foxfire           |    75 |    52 ||   127
         Scorch            |     9 |    20 ||    29
    Use: Scroll            |     1 |     7 ||     8
 Armour: Robe              |     7 |     4 ||    11
  Dodge: Dodged            |    19 |    31 ||    50

Levels and vault maps discovered:
D:1:      psy_arrival_fountain, layout_loops_ring, hangedman_glass_teeth,
          serial_bayou_lagoon_a
D:2:      layout_basic, minmay_goblin_kobold_house, uniq_jessica
D:3:      layout_rooms, basic_ecumenical_altar, hangedman_feature_mirror,
          uniq_natasha
D:4:      layout_rooms, nicolae_overflow_squiral, uniq_crazy_yiuf_cottage,
          uniq_grinder, uniq_pikel

Notes
Turn   | Place    | Note
-------+----------+-------------------------------------------
     0 | D:1      | kae the Deep Elf Fire Elementalist began the quest for the
                  | Orb.
     0 | D:1      | Reached XP level 1. HP: 10/10 MP: 6/6
     0 | D:1      | magus.rc [v1.11.3]
   209 | D:1      | Reached XP level 2. HP: 15/15 MP: 5/8
   259 | D:1      | Learned a level 2 spell: Scorch
   308 | D:1      | Reached skill level 2 in Conjurations
   894 | D:1      | Reached XP level 3. HP: 19/19 MP: 5/9
  1183 | D:2      | Learned a level 3 spell: Inner Flame
  1191 | D:2      | Noticed Jessica
  1436 | D:2      | Identified the ring "Ankireep" {rElec rPois EV+5}
  1471 | D:2      | Reached skill level 4 in Fire Magic
  1913 | D:2      | Reached XP level 4. HP: 24/24 MP: 8/11
  2670 | D:3      | Reached skill level 3 in Conjurations
  2749 | D:3      | Noticed Natasha
  2756 | D:3      | Killed Natasha
  2757 | D:3      | Reached skill level 4 in Spellcasting
  2843 | D:3      | Learned a level 3 spell: Volatile Blastmotes
  2893 | D:3      | Reached XP level 5. HP: 28/28 MP: 7/13
  2989 | D:3      | You add the spells Sting, Poisonous Vapours and Olgreb's
                  | Toxic Radiance to your library.
  3003 | D:3      | Noticed Natasha
  3010 | D:3      | Killed Natasha
  3011 | D:3      | Reached skill level 5 in Fire Magic
  3020 | D:3      | Noticed Natasha
  3025 | D:3      | Killed Natasha
  3026 | D:3      | Reached skill level 4 in Conjurations
  3029 | D:3      | Noticed a black bear
  3037 | D:3      | Killed a black bear
  3038 | D:3      | Reached XP level 6. HP: 29/32 MP: 4/15
  3181 | D:3      | Found a faded altar of an unknown god.
  3206 | D:3      | You pick up a book of Displacement and begin reading...
  3206 | D:3      | You add the spells Lesser Beckoning, Gell's Gravitas and
                  | Teleport Other to your library.
  3482 | D:4      | Noticed Grinder
  3483 | D:4      | Reached skill level 5 in Spellcasting
  3495 | D:4      | Paralysed by Grinder for 4 turns
  3501 | D:4      | HP: 7/32 [Grinder (3)]
  3502 | D:4      | Paralysed by Grinder for 2 turns
  3506 | D:4      | HP: 3/32 [Grinder (3)]
  3506 | D:4      | HP: 1/32 [Grinder (2)]
  3507 | D:4      | Slain by Grinder

Vanquished Creatures
  A black bear (D:3)
  An orc priest (D:3)
  3 hounds (D:4)
  Natasha (thrice) (D:3)
  An orc wizard (D:3)
  4 adders
  A worm (D:4)
  A dart slug (D:2)
  6 orcs (D:3)
  3 bats
  7 endoplasms
  5 giant cockroaches
  8 goblins
  7 hobgoblins
  4 jackals (D:1)
  4 kobolds
  3 quokkas
  3 ball pythons
  3 frilled lizards
  6 rats
74 creatures vanquished.

Vanquished Creatures (collateral kills)
  11 foxfires (D:1)
11 creatures vanquished.

Vanquished Creatures (others)
  202 foxfires
202 creatures vanquished.

Grand Total: 287 creatures vanquished

Table legend:
 A = Non-vault XP
 B = Vault XP
 C = Vault XP percentage of total XP
 D = Non-vault monster count
 E = Vault monster count
 F = Vault count percentage of total count
                 A         B        C        D         E       F
            +---------+---------+-------+---------+---------+-------
      Total |     571 |      38 |   6.2 |      72 |       2 |   2.7
            +---------+---------+-------+---------+---------+-------
        D:1 |      43 |       0 |   0.0 |      24 |       0 |   0.0
        D:2 |      56 |       2 |   3.4 |      19 |       1 |   5.0
        D:3 |     337 |      36 |   9.7 |      22 |       1 |   4.3
        D:4 |     135 |       0 |   0.0 |       7 |       0 |   0.0
            +---------+---------+-------+---------+---------+-------

Skill      XL: |  1  2  3  4  5  6 |
---------------+-------------------+-----
Conjurations   | 2 3 4 |  4.8
Fire Magic     | 4 5 |  5.8
Spellcasting   | 4 5 |  5.0
Dodging        | |  2.4
Stealth        | |  2.4

Action                     |  1- 3 |  4- 6 || total
---------------------------+-------+-------++-------
  Melee: Spear             |     7 |       ||     7
   Cast: Foxfire           |    75 |    52 ||   127
         Scorch            |     9 |    20 ||    29
    Use: Scroll            |     1 |     7 ||     8
 Armour: Robe              |     7 |     4 ||    11
  Dodge: Dodged            |    19 |    31 ||    50

Illustrated notes

Table legend:
 A = Kills in this place as a percentage of kills in the entire game.
 B = Kills by you in this place as a percentage of kills by you in the entire game.
 C = Kills by friends in this place as a percentage of kills by friends in the entire game.
 D = Other kills in this place as a percentage of other kills in the entire game.
 E = Experience gained in this place as a percentage of experience gained in the entire game.
 F = Experience gained in this place divided by the number of levels of this place that you have seen.
                   A       B       C       D       E      F
               +-------+-------+-------+-------+-------+----------------------
         Total | 100.0 | 100.0 |   N/A |   N/A | 100.0 | 152.2
       Dungeon | 100.0 | 100.0 |   N/A |   N/A | 100.0 | 152.2
               +-------+-------+-------+-------+-------+----------------------

Table legend: (Time is in decaauts)
 A = Elapsed time spent in this place.
 B = Non-inter-level travel time spent in this place.
 C = Inter-level travel time spent in this place.
 D = Time resting spent in this place.
 E = Time spent auto-exploring this place.
 F = Levels seen in this place.
 G = Mean time per level.
                   A        B        C        D        E       F      G
               +--------+--------+--------+--------+--------+-----+--------+
         Total |   3519 |   3436 |     83 |    338 |   2565 |   4 |  879.8 |
       Dungeon |   3519 |   3436 |     83 |    338 |   2565 |   4 |  879.8 |
               +--------+--------+--------+--------+--------+-----+--------+

Top non-repeatable levels by time:
     D:1: 1185 daAuts
     D:3: 1098 daAuts
     D:2: 1069 daAuts
     D:4: 165 daAuts
